 Dungeon Crawl Stone Soup version 0.29-a0-334-gb41bcbb86e (webtiles) character file.

Game seed: 6085153558662911918

3227 avis the Grappler (level 9, -8/85 HPs)
             Began as a Hill Orc Monk on Apr 13, 2022.
             Was a Believer of Beogh.
             Mangled by Grum
             ... wielding a +0 halberd
              (17 damage)
             ... on level 8 of the Dungeon on Apr 14, 2022.
             The game lasted 00:39:56 (10103 turns).

avis the Grappler (Hill Orc Monk)                  Turns: 10103, Time: 00:39:56

Health: -8/85      AC:  9    Str: 18    XL:     9   Next: 98%
Magic:  18/18      EV: 13    Int: 10    God:    Beogh [**....]
Gold:   404        SH:  0    Dex: 19    Spells: 8/8 levels left

rFire   . . .      SeeInvis .     - Unarmed
rCold   . . .      Faith    .   (no shield)
rNeg    + . .      Spirit   .   Q - +2 robe of Quehaodgh {rN+}
rPois   .          Reflect  .   K - +0 helmet
rElec   .          Harm     .   x - +1 cloak
rCorr   .          Rampage  .   G - +0 pair of gloves
Will    .....                   F - +0 pair of boots
Stlth   ++........              (no amulet)
HPRegen 0.24/turn               N - +6 ring of dexterity
MPRegen 0.16/turn               h - ring of magical power

@: no status effects
A: no striking features
a: Renounce Religion, Smiting


You were on level 8 of the Dungeon.
You worshipped Beogh.
Beogh was pleased with you.
You visited 2 branches of the dungeon, and saw 9 of its levels.
You also visited: Ossuary.

You collected 404 gold pieces.

Inventory:

Hand Weapons
 a - a +0 shortbow
Missiles
 r - 15 poisoned darts
 C - an atropa-tipped dart (quivered)
 P - a silver javelin
 R - 6 boomerangs
Armour
 b - a +1 leather armour of cold resistance
 x - a +1 cloak (worn)
 F - a +0 pair of boots (worn)
 G - a +0 pair of gloves (worn)
 K - a +0 helmet (worn)
 Q - the +2 robe of Quehaodgh (worn) {rN+}
   (You found it on level 5 of the Dungeon)

   rN:        It protects you from negative energy.
Jewellery
 h - a ring of magical power (right hand)
 N - a +6 ring of dexterity (left hand)
Wands
 v - a wand of polymorph (8)
 A - a wand of digging (6)
 I - a wand of iceblast (10)
Scrolls
 d - 2 scrolls of vulnerability {unknown}
 g - 2 scrolls of amnesia {unknown}
 i - 3 scrolls of brand weapon {unknown}
 j - a scroll of fog {unknown}
 o - 3 scrolls of enchant armour {unknown}
 s - 5 scrolls of immolation {unknown}
 t - 6 scrolls of teleportation {unknown}
 u - 4 scrolls of blinking {unknown}
 y - a scroll of fear {unknown}
 H - 3 scrolls of enchant weapon {unknown}
 J - 5 scrolls of magic mapping
 O - a scroll of noise {unknown}
 Y - 2 scrolls of holy word {unknown}
Potions
 f - 11 potions of curing
 k - 3 potions of heal wounds
 l - a potion of ambrosia
 n - 3 potions of brilliance
 p - 3 potions of mutation {unknown}
 q - 2 potions of might
 L - 3 potions of lignification
 M - 2 potions of attraction {unknown}
 S - 2 potions of cancellation
 T - 3 potions of berserk rage
 U - a potion of resistance
 V - 2 potions of flight {unknown}
 X - a potion of invisibility {unknown}


   Skills:
 + Level 10.0 Fighting
 - Level 1.0 Armour
 - Level 3.0 Dodging
 - Level 1.5 Stealth
 * Level 12.4 Unarmed Combat


You had 8 spell levels left.
You didn't know any spells.
Your spell library contained the following spells:

 Spells                   Type           Power      Damage    Failure   Level
 Animate Skeleton         Necr           0%         N/A       36%         1
 Pain                     Necr           0%         1d4       36%         1
 Shock                    Conj/Air       0%         1d3       36%         1
 Ensorcelled Hibernation  Hex/Ice        0%         N/A       50%         2
 Passwall                 Tmut/Erth      0%         N/A       50%         2
 Ozocubu's Armour         Ice            0%         N/A       75%         3
 Swiftness                Air            0%         N/A       75%         3
 Vampiric Draining        Necr           0%         2d6       75%         3
 Airstrike                Air            0%         N/A       98%         4
 Agony                    Necr           0%         N/A       100%        5
 Excruciating Wounds      Necr           0%         N/A       100%        5
 Metabolic Englaciation   Hex/Ice        0%         N/A       100%        5
 Simulacrum               Ice/Necr       0%         N/A       100%        6
 Ozocubu's Refrigeration  Ice            0%         4d5       100%        7


Dungeon Overview and Level Annotations

Branches:
Dungeon (8/15)             Temple (1/1) D:7         Ossuary (visited)
   Lair: D:8-11

Altars:
Ashenzari
Dithmenos
Elyvilon
Fedhas
Gozag
Hepliaklqana
Kikubaaqudgha
Nemelex Xobeh
Okawaru
Qazlal
Ru
Sif Muna
Trog
Uskayaw
Vehumet
Wu Jian
Xom
Yredelemnul
Zin
The Shining One

Annotations:
D:8 Grum


Message History

An orc comes into view. It is wielding a +0 hand axe.
Grum hits you with a +0 halberd!!
The orc moves out of view.
You barely miss Grum. Grum closely misses you.
You punch Grum!
Grum is lightly wounded.
You hit Grum.
Grum is moderately wounded.
Grum misses you.
You hit Grum.
Grum is moderately wounded.
Grum misses you.
You hit Grum.
Grum is heavily wounded.
Grum hits you with a +0 halberd!
You completely miss Grum.
Grum is heavily wounded.
Grum barely misses you.
You hit Grum but do no damage.
Grum is heavily wounded.
You hit Grum but do no damage.
Grum is heavily wounded.
Grum hits you with a +0 halberd!
You punch Grum!
Grum is severely wounded.
Grum hits you with a +0 halberd!
You hit Grum.
Grum is severely wounded.
Grum hits you with a +0 halberd!
* * * LOW HITPOINT WARNING * * *
You hit Grum.
Grum is almost dead.
You barely miss Grum.
Grum is almost dead.
Grum hits you with a +0 halberd!
* * * LOW HITPOINT WARNING * * *
You hit Grum but do no damage. Your punch misses Grum.
Grum is almost dead.
Grum points his finger and shouts, "Spot!
Sic 'em!"
Grum hits you with a +0 halberd!
You die...

# .h..###.###.## #
#........... #####
#........# ....# ## ##
#........# ###..........
#........# # # ..#
#..###........# # ...
#............# #
#.#####g[.......####.# ###
####..####@#.............
....
.........).รท.)..[........
....
######<##.#.#########...
###. #.)..#.# #
............ #
....#.###.#. .####.# #.#..
# #.# #.# ## . #.. #.#


You could see Grum.

Vanquished Creatures
  A hornet (D:8)
  Sigmund (D:3)
  An orc warrior (D:8)
  2 sky beasts
  2 black bears (D:6)
  2 wolves
  An ice beast (D:6)
  An ogre (D:6)
  2 phantoms
  2 centaurs
  A kobold brigand (D:3)
  Blork the orc (D:5)
  An elf zombie (D:6)
  2 bullfrogs (D:6)
  2 necrophages
  2 scorpions (D:6)
  2 elf skeletons (D:6)
  A wight (D:8)
  A killer bee (D:7)
  3 howler monkeys (D:6)
  2 jellies
  4 hounds
  An orc priest (D:8)
  An iguana (D:5)
  Crazy Yiuf (D:2)
  Natasha (thrice) (D:2)
  Ijyb (D:3)
  2 orc wizards (D:6)
  12 mummies (Ossuary)
  Robin (D:4)
  9 adders
  3 white imps
  4 ufetubi
  3 worms
  4 dart slugs
  14 orcs
  7 ball pythons
  10 endoplasms
  3 giant cockroaches
  16 goblins
  12 hobgoblins
  9 jackals
  3 quokkas
  4 bats (D:2)
  3 frilled lizards
  A gnoll skeleton (Ossuary)
  A goblin skeleton (Ossuary)
  14 kobolds
  3 kobold skeletons (Ossuary)
  6 orc skeletons
  9 rats
  11 rat skeletons (Ossuary)
208 creatures vanquished.

Notes
Turn   | Place    | Note
-------+----------+-------------------------------------------
     0 | D:1      | avis the Hill Orc Monk began the quest for the Orb.
     0 | D:1      | Reached XP level 1. HP: 19/19 MP: 1/1
   299 | D:1      | Reached XP level 2. HP: 27/27 MP: 2/2
   457 | D:1      | Reached skill level 4 in Unarmed Combat
   808 | D:1      | Reached XP level 3. HP: 28/33 MP: 3/3
  1305 | D:2      | Noticed Natasha
  1573 | D:2      | Killed Natasha
  1574 | D:2      | Reached XP level 4. HP: 27/41 MP: 4/4
  1605 | D:2      | Reached skill level 5 in Unarmed Combat
  2033 | D:2      | Noticed Natasha
  2045 | D:2      | Killed Natasha
  2314 | D:2      | Reached XP level 5. HP: 47/47 MP: 5/5
  2433 | D:2      | Found a runed translucent door.
  2434 | D:2      | Noticed Crazy Yiuf
  2581 | D:2      | Noticed Natasha
  2602 | D:2      | Killed Natasha
  2603 | D:2      | Reached skill level 5 in Fighting
  2672 | D:2      | Found a faded altar of an unknown god.
  2824 | D:2      | Killed Crazy Yiuf
  3293 | D:3      | Reached skill level 6 in Unarmed Combat
  3419 | D:3      | Noticed Ijyb
  3440 | D:3      | Killed Ijyb
  3441 | D:3      | Reached XP level 6. HP: 44/56 MP: 6/6
  3528 | D:3      | Noticed Sigmund
  3545 | D:3      | Killed Sigmund
  3787 | D:3      | Reached skill level 7 in Unarmed Combat
  3803 | D:3      | Reached XP level 7. HP: 50/63 MP: 7/7
  4171 | D:3      | Found a white marble altar of Elyvilon.
  4246 | D:3      | Upgraded the game from 0.29-a0-330-g52719c12eb to
                  | 0.29-a0-334-gb41bcbb86e
  4555 | D:4      | Noticed Robin
  4636 | D:4      | Killed Robin
  5128 | D:4      | Found an iron altar of Okawaru.
  5394 | D:5      | Entered Level 5 of the Dungeon
  5411 | D:5      | Reached skill level 8 in Unarmed Combat
  5695 | D:5      | Identified the +2 robe of Quehaodgh {rN+}
  5750 | D:5      | Found a stormy altar of Qazlal.
  5962 | D:5      | Reached XP level 8. HP: 64/73 MP: 8/8
  6260 | D:5      | Found a bloodstained altar of Trog.
  6346 | D:5      | Noticed Blork the orc
  6362 | D:5      | Killed Blork the orc
  6893 | D:6      | Reached skill level 9 in Unarmed Combat
  6967 | D:6      | Found a sand-covered staircase.
  6999 | Ossuary  | Entered an ossuary
  7207 | Ossuary  | Reached skill level 10 in Unarmed Combat
  7493 | D:6      | Reached XP level 9. HP: 50/82 MP: 9/9
  8441 | D:6      | Reached skill level 11 in Unarmed Combat
  8448 | D:6      | Reached skill level 1 in Armour
  8892 | D:7      | Became a worshipper of Beogh the Brigand
  8892 | D:7      | Reached * piety under Beogh
  8892 | D:7      | Reached ** piety under Beogh
  8999 | D:7      | Found a staircase to the Ecumenical Temple.
  9376 | D:8      | Found a glowing golden altar of the Shining One.
  9494 | Temple   | Entered the Ecumenical Temple
  9579 | D:8      | Noticed a hornet
  9589 | D:8      | Paralysed by a hornet for 2 turns
  9596 | D:8      | Killed a hornet
  9648 | D:8      | Reached skill level 12 in Unarmed Combat
  9934 | D:8      | Noticed Grum
 10087 | D:8      | Reached skill level 10 in Fighting
 10103 | D:8      | Mangled by Grum

Illustrated notes

Levels and vault maps discovered:
D:1:      elethiomel_arrival_quiet, layout_basic, serial_park_tiny_2,
          chequers_serial_rivers_micro_e
D:2:      layout_basic, shapermc_ecumenical_altar_mp_vishouse,
          uniq_crazy_yiuf_cottage, uniq_natasha
D:3:      cheibrodos_thug_alley, layout_basic, elyvilon_altar_5, uniq_ijyb,
          uniq_sigmund
D:4:      layout_loops_ring, okawaru_trees_1, uniq_robin
D:5:      wad_lake_hut, layout_basic, lightli_temple_of_fire,
          mainiacjoe_overflow_small_starburst, uniq_blork_the_orc
D:6:      layout_basic, nicolae_ossuary_entry_catacombs
D:7:      layout_cave_pools, minmay_temple_entry_mini_moons,
          kennysheep_generic_room_6
D:8:      minmay_chambers_of_sixes, layout_rooms,
          mainiacjoe_overflow_large_starburst, dpeg_oklobed_lair, uniq_grum
Temple:   minmay_freezing_vapour_temple

Skill      XL: |  1  2  3  4  5  6  7  8  9 |
---------------+----------------------------+-----
Fighting       | 4 5 6 7 8 10 | 10.0
Unarmed Combat | 4 5 6 7 8 10 12 | 12.4
Armour         | 1 |  1.0
Dodging        | 3 |  3.0
Stealth        | |  1.5

Action                   |  1- 3 |  4- 6 |  7- 9 || total
-------------------------+-------+-------+-------++-------
Melee: Unarmed           |   112 |   154 |   505 ||   771
       Punch             |     1 |     5 |    28 ||    34
Throw: Dart              |     2 |    10 |     7 ||    19
       Javelin           |       |       |     5 ||     5
Invok: Convert to Beogh  |       |       |     1 ||     1
Evoke: Wand              |       |       |     2 ||     2
  Use: Scroll            |       |       |     7 ||     7
       Potion            |       |       |     1 ||     1
 Stab: Sleeping          |     4 |     3 |    18 ||    25
Armor: Robe              |     9 |    23 |    99 ||   131
       Leather armour    |       |    13 |    60 ||    73
Dodge: Dodged            |    64 |    65 |   263 ||   392

Table legend: (Time is in decaauts)
 A = Elapsed time spent in this place.
 B = Non-inter-level travel time spent in this place.
 C = Inter-level travel time spent in this place.
 D = Time resting spent in this place.
 E = Time spent auto-exploring this place.
 F = Levels seen in this place.
 G = Mean time per level.
                   A        B        C        D        E       F      G
               +--------+--------+--------+--------+--------+-----+--------+
         Total |  10065 |   9111 |    954 |   2672 |   3915 |  10 | 1006.5 |
       Dungeon |   9657 |   8704 |    953 |   2577 |   3915 |   8 | 1207.1 |
        Temple |     21 |     20 |      1 |      0 |      0 |   1 |   21.0 |
       Ossuary |    386 |    386 |      0 |     95 |      0 |   1 |  386.0 |
               +--------+--------+--------+--------+--------+-----+--------+

Top non-repeatable levels by time:
     D:2: 1932 daAuts
     D:6: 1542 daAuts
     D:5: 1414 daAuts
     D:1: 1256 daAuts
     D:3: 1171 daAuts
     D:7: 1131 daAuts
     D:4: 1041 daAuts
 Ossuary: 386 daAuts
     D:8: 167 daAuts
  Temple: 21 daAuts
